 Dungeon Crawl Stone Soup version 0.20-a0-386-g2d247ea (webtiles) character file.

15803 Apostate the Slicer (level 12, -1/78 HPs)
             Began as a Demonspawn Gladiator on Dec 30, 2016.
             Was a Follower of Uskayaw.
             Splashed by an oklob plant's acid (22 damage)
             ... on level 1 of the Lair of Beasts.
             The game lasted 00:39:09 (14582 turns).

Apostate the Slicer (Demonspawn Gladiator)         Turns: 14582, Time: 00:39:11

Health: -1/78      AC: 17    Str: 17    XL:     12   Next: 4%
Magic:  16/16      EV: 10    Int:  9    God:    Uskayaw [*.....]
Gold:   336        SH: 10    Dex: 18    Spells: 2/11 levels left

rFire  + . .     SeeInvis .     a - +2 rapier (drain)
rCold  . . .     Gourm    .     q - +2 scale mail {rPois}
rNeg   . . .     Faith    .     B - +0 shield
rPois  +         Spirit   .     c - +1 helmet
rElec  .         Reflect  .     G - +2 cloak
rCorr  .         Harm     +     (no gloves)
MR     +....                    S - +2 pair of boots
Stlth  +++.......               s - amulet of harm
                                (no ring)
                                k - ring of protection from magic

@: corroded, very slightly contaminated
A: talons 1, molten scales 2, fire resistance 1, powered by death 2
a: Stomp, Renounce Religion


You were on level 1 of the Lair of Beasts.
You worshipped Uskayaw.
Uskayaw was noncommittal.
You were not hungry.

You visited 3 branches of the dungeon, and saw 14 of its levels.
You also visited: Labyrinth, Sewer and Ossuary.

You collected 552 gold pieces.
You spent 216 gold pieces at shops.

Inventory:

Hand Weapons
 a - a +2 rapier of draining (weapon)
 b - a +0 dagger of electrocution
 F - the +9 hand axe "Guixzycle" {antimagic, Fragile rElec rF+}
   (You found it on level 8 of the Dungeon)

   It reduces the magical energy of the wielder, and disrupts the spells and
   magical abilities of those hit.
   Natural abilities and divine invocations are not affected.
   It protects you from fire.
   It insulates you from electricity.
   It will be destroyed if unequipped.
 N - the cursed +3 spear of the Ageless Blessings {vamp, rElec}
   (You found it in a labyrinth)

   It inflicts no extra harm, but heals its wielder when it wounds a living foe.
   It insulates you from electricity.
   It has a curse placed upon it.
Missiles
 Q - 2 throwing nets (quivered)
Armour
 c - a +1 helmet (worn)
 h - a +1 chain mail of poison resistance
 q - a +2 scale mail of poison resistance (worn)
 B - a +0 shield (worn)
 G - a +2 cloak (worn)
 H - a +4 chain mail of cold resistance
 S - a +2 pair of boots (worn)
Rods
 M - a +7 rod of clouds (11/11)
   (You found it in a labyrinth)
Jewellery
 k - a ring of protection from magic (left hand)
 s - an amulet of harm (around neck)
 A - an uncursed ring of fire
 C - an uncursed ring of wizardry
 J - the ring "Nufranle" {*Tele rC++ Str-3 Dex+4}
   (You found it in a labyrinth)

   [ring of teleportation]

   It may teleport you next to monsters.
   It affects your strength (-3).
   It affects your dexterity (+4).
   It greatly protects you from cold.
 K - an uncursed ring of wizardry
Wands
 g - a wand of flame (24/48)
 p - a wand of iceblast (7/15)
 v - a wand of disintegration (9/24)
 y - a wand of acid (5/15)
Scrolls
 d - a scroll of fog
 e - a scroll of enchant armour
 i - 3 scrolls of remove curse
 n - 8 scrolls of identify
 o - 4 scrolls of teleportation
 r - 2 scrolls of fear
 w - 3 scrolls of amnesia
 D - a scroll of magic mapping
 E - 2 scrolls of recharging
Potions
 l - 5 potions of flight
 u - 4 potions of magic
 x - 4 potions of brilliance
 z - 8 potions of lignification
 P - a potion of haste
 R - a potion of might
 T - a potion of curing
Books
 I - a book of Annihilations

   Spells                             Type                      Level
   a - Poison Arrow                   Conjuration/Poison           6
   b - Chain Lightning                Conjuration/Air              8
   c - Lehudib's Crystal Spear        Conjuration/Earth            8
   d - Glaciate                       Conjuration/Ice              9
   e - Fire Storm                     Conjuration/Fire             9
 L - a book of Clouds

   Spells                             Type                      Level
   a - Mephitic Cloud                 Conjuration/Poison/Air       3
   b - Conjure Flame                  Conjuration/Fire             3
   c - Poisonous Cloud                Conjuration/Poison/Air       5
   d - Freezing Cloud                 Conjuration/Ice/Air          6
   e - Ring of Flames                 Charms/Fire                  7
Comestibles
 f - 11 bread rations
 j - 4 fruits
 m - 5 meat rations
 V - a slice of pizza


   Skills:
 - Level 2.0 Fighting
 - Level 11.7 Short Blades
 - Level 1.7 Throwing
 - Level 5.6 Armour
 + Level 4.3 Dodging
 + Level 10.3 Stealth
 - Level 6.1 Shields
 * Level 6.6 Invocations


You had 2 spell levels left.
You knew the following spells:

 Your Spells              Type           Power        Failure   Level  Hunger
a - Fire Storm            Conj/Fire      #.........   100%        9    #######


Dungeon Overview and Level Annotations

Branches:
Dungeon (12/15)            Temple (1/1) D:4            Lair (1/6) D:11
    Orc: D:9-12

Altars:
Ashenzari
Cheibriados
Elyvilon
Fedhas
Hepliaklqana
Kikubaaqudgha
Okawaru
Qazlal
Ru
Sif Muna
Uskayaw
Vehumet
Yredelemnul
Zin

Shops:
D:4 :%*   D:6 !   D:8 }   D:10 *

Annotations:
D:12 Kirke
Lair:1 exclusion: oklob plant


Innate Abilities, Weirdness & Mutations

You have sharp toenails.
You are mostly covered in molten scales. (AC +3)
Your flesh is heat resistant. (rF+)
You regenerate health from kills.


Message History

The oklob plant spits acid at you. The splash of acid hits you!
You are splashed with acid!
The acid burns!
You hit the oklob plant but do no damage.
The oklob plant is moderately damaged.
You feel much better. The oklob plant spits acid at you.
The splash of acid hits you!
You are splashed with acid!
The acid burns!
You hit the oklob plant but do no damage.
The oklob plant is moderately damaged.
You hit the oklob plant but do no damage.
The oklob plant is moderately damaged.
You hit the oklob plant.
The oklob plant is moderately damaged.
You hit the oklob plant.
The oklob plant is heavily damaged.
The oklob plant spits acid at you. The splash of acid hits you!
* * * LOW HITPOINT WARNING * * *
You are splashed with acid!
The acid burns!
You die...

#)#.....#...## P.≈≈≈≈...≈≈≈≈.#
#.P.........## #......_.≈≈≈≈..
#.......#....#P ♣.≈≈≈≈...≈≈≈≈.#
#.P.....#...##P.##.≈≈≈≈≈≈≈≈≈≈≈.P
#.#.....#...##PP♣P..≈≈≈≈≈≈≈≈≈..P
#.#.....#....#♣PPP#..≈≈≈≈≈≈≈..P.
##.#######....#P♣%PPP..≈≈≈≈≈..PP♣
#.............#P#%PP#........♣P♣♣
#...###########P@%PP.PPPP♣.P♣PPPP
#...#


#PP..♣PPPPP##PPPP♣. ##.)# #PPP%PPPPPPPP♣PP.P♣ ##..# #.PPPP.P♣♣.PP♣P.PPP #...#
################### ##..# #..PP###...# #..# #...(......# #..# #....###.#.# #..#
###### #...).####.# You could see an oklob plant.

Vanquished Creatures
  A minotaur (Lab)
  Harold (D:11)
  A hydra (Lair:1)
  The ghost of dialectric the Basher, a journeyman GrFi of Qazlal (D:10)
  An unseen horror (D:11)
  2 ugly things (D:11)
  A manticore (D:11)
  A black mamba (Lair:1)
  Psyche (D:11)
  2 gargoyles (Lab)
  Maurice (D:8)
  2 trolls
  2 hippogriffs
  3 redbacks (Lab)
  The ghost of tony the Sneak, an amateur SpEn (D:5)
  13 yaks
  2 wyverns (D:9)
  3 hungry ghosts
  5 water moccasins
  3 ice beasts
  2 porcupines (Lair:1)
  A phantom (D:7)
  A black bear (D:6)
  3 orc warriors
  An eye of draining (D:11)
  2 sky beasts
  5 ogres
  3 necrophages
  2 centaurs
  4 crocodiles (Lair:1)
  3 big kobolds (D:3)
  7 bullfrogs
  A water moccasin skeleton (D:5)
  6 scorpions
  5 electric eels
  5 howler monkeys
  3 jellies
  4 crimson imps
  A human zombie (Ossuary)
  An orc priest (D:6)
  A bullfrog zombie (D:5)
  5 hounds
  4 bullfrog skeletons
  8 orc wizards
  2 iguanas
  Terence (D:2)
  5 worker ants
  2 hound zombies
  A hound skeleton (D:6)
  4 mummies (Ossuary)
  Robin (D:4)
  A worker ant zombie (D:8)
  4 gnolls
  A howler monkey skeleton (D:8)
  3 river rats (Sewer)
  16 adders
  A shadow imp (D:5)
  3 oozes (D:3)
  3 worms
  An adder skeleton (D:8)
  14 dart slugs
  3 leopard geckos
  31 orcs
  7 giant cockroaches
  2 gnoll zombies (Ossuary)
  21 goblins
  12 hobgoblins
  4 jackals (D:3)
  3 quokkas
  4 ball pythons
  6 bats
  15 frilled lizards
  A hobgoblin zombie (Ossuary)
  2 jackal zombies
  45 kobolds
  2 kobold zombies (Ossuary)
  A leopard gecko skeleton (D:6)
  A leopard gecko zombie (D:6)
  2 orc zombies (Ossuary)
  30 rats
  A butterfly (Lair:1)
  A plant (Lair:1)
382 creatures vanquished.

Notes
Turn   | Place    | Note
-------+----------+-------------------------------------------
     0 | D:1      | Apostate the Demonspawn Gladiator began the quest for the Orb.
     0 | D:1      | Reached XP level 1. HP: 16/16 MP: 1/1
   333 | D:1      | Reached skill level 3 in Short Blades
   351 | D:1      | Reached skill level 1 in Stealth
   354 | D:1      | Gained mutation: You regenerate a little health from kills. [demonic ancestry]
   354 | D:1      | Reached XP level 2. HP: 13/22 MP: 2/2
   726 | D:2      | Noticed Terence
   753 | D:2      | Killed Terence
   753 | D:2      | Reached XP level 3. HP: 9/27 MP: 3/3
  1247 | D:2      | Gained mutation: You have sharp toenails. [demonic ancestry]
  1247 | D:2      | Reached XP level 4. HP: 33/33 MP: 4/4
  1303 | D:2      | Reached skill level 4 in Short Blades
  2227 | D:3      | Gained mutation: You regenerate health from kills. [demonic ancestry]
  2227 | D:3      | Reached XP level 5. HP: 35/38 MP: 5/5
  2337 | D:3      | Found a glowing drain.
  2351 | Sewer    | Entered a sewer
  2920 | D:3      | Reached skill level 5 in Short Blades
  2924 | D:3      | Noticed an ogre
  2940 | D:3      | Killed an ogre
  2940 | D:3      | Reached XP level 6. HP: 44/44 MP: 6/6
  3701 | D:3      | Reached skill level 6 in Short Blades
  3725 | D:3      | Gained mutation: Your flesh is heat resistant. (rF+) [demonic ancestry]
  3725 | D:3      | Reached XP level 7. HP: 49/50 MP: 7/7
  4158 | D:4      | Found Zazeisi's General Store.
  4175 | D:4      | Bought a scroll of identify for 26 gold pieces
  4238 | D:4      | Found a staircase to the Ecumenical Temple.
  4240 | D:4      | Noticed Robin
  4267 | D:4      | Killed Robin
  4305 | D:4      | Found Jarevul's Book Boutique.
  4307 | Temple   | Entered the Ecumenical Temple
  4315 | Temple   | Became a worshipper of Uskayaw the Reveler
  4376 | D:4      | Found a sand-covered staircase.
  4381 | Ossuary  | Entered an ossuary
  4418 | Ossuary  | Reached * piety under Uskayaw
  4500 | Ossuary  | Reached ** piety under Uskayaw
  4508 | Ossuary  | Reached *** piety under Uskayaw
  4573 | Ossuary  | Gained mutation: You are agile. (Dex +2) [potion of mutation]
  4573 | Ossuary  | Gained mutation: You are very agile. (Dex +4) [potion of mutation]
  4573 | Ossuary  | Gained mutation: Scrolls take you a little longer to read. [potion of mutation]
  4574 | Ossuary  | Lost mutation: You are very agile. (Dex +4) [potion of mutation]
  4574 | Ossuary  | Gained mutation: You are weak. (Str -2) [potion of mutation]
  4574 | Ossuary  | Gained mutation: You passively map a small area around you. [potion of mutation]
  4575 | Ossuary  | Lost mutation: Scrolls take you a little longer to read. [potion of cure mutation]
  4575 | Ossuary  | Lost mutation: You are agile. (Dex +2) [potion of cure mutation]
  4575 | Ossuary  | Lost mutation: You are weak. (Str -2) [potion of cure mutation]
  4703 | D:4      | Found Cihui's Food Shoppe.
  5005 | D:4      | Reached **** piety under Uskayaw
  5306 | D:5      | Entered Level 5 of the Dungeon
  5334 | D:5      | Reached skill level 7 in Short Blades
  5792 | D:5      | Reached skill level 5 in Stealth
  5797 | D:5      | Gained mutation: You have a pair of small horns on your head. [mutagenic meat]
  5798 | D:5      | Gained mutation: You are occasionally teleported next to monsters. [mutagenic meat]
  5800 | D:5      | Gained mutation: Scrolls take you a little longer to read. [mutagenic meat]
  5800 | D:5      | Lost mutation: Scrolls take you a little longer to read. [potion of cure mutation]
  5800 | D:5      | Lost mutation: You are occasionally teleported next to monsters. [potion of cure mutation]
  5800 | D:5      | Lost mutation: You have a pair of small horns on your head. [potion of cure mutation]
  5800 | D:5      | Lost mutation: You passively map a small area around you. [potion of cure mutation]
  5885 | D:5      | Noticed tony's ghost (amateur SpEn)
  5982 | D:5      | Killed tony's ghost
  5982 | D:5      | Reached XP level 8. HP: 52/56 MP: 8/8
  6032 | D:5      | Reached skill level 8 in Short Blades
  6464 | D:6      | Found Vadel's Distillery.
  6869 | D:6      | Reached skill level 9 in Short Blades
  7319 | D:6      | Reached XP level 9. HP: 60/61 MP: 9/9
  7966 | D:7      | Reached skill level 10 in Short Blades
  7966 | D:7      | Reached skill level 1 in Shields
  8519 | D:8      | Found an iron altar of Okawaru.
  8578 | D:8      | Reached ***** piety under Uskayaw
  8632 | D:8      | Noticed Maurice
  8648 | D:8      | Killed Maurice
  8886 | D:8      | Found a basalt altar of Yredelemnul.
  8959 | D:8      | Found Xyufidicia's Gadget Shoppe.
  9022 | D:8      | Found a sacrificial altar of Ru.
  9182 | D:8      | Reached skill level 1 in Armour
  9219 | D:8      | Found a stormy altar of Qazlal.
  9455 | D:8      | Got a slimy hand axe
  9456 | D:8      | Identified the +9 hand axe "Guixzycle" {antimagic, Fragile rElec rF+} (You found it on level 8 of the Dungeon)
  9693 | D:9      | Noticed a troll
  9706 | D:9      | Killed a troll
  9706 | D:9      | Reached XP level 10. HP: 38/65 MP: 10/10
 11105 | D:10     | Entered Level 10 of the Dungeon
 11105 | D:10     | Noticed dialectric's ghost (journeyman GrFi)
 11119 | D:10     | Killed dialectric's ghost
 11119 | D:10     | Reached skill level 11 in Short Blades
 11143 | D:10     | Found Ybrutzus's Assorted Antiques.
 11148 | D:10     | Bought a glowing rapier for 190 gold pieces
 11640 | D:10     | Reached skill level 5 in Shields
 11751 | D:11     | Found a labyrinth entrance.
 11788 | Lab      | Entered a labyrinth
 12188 | Lab      | Found an exit through the horrors of the Abyss.
 12295 | Lab      | Noticed a gargoyle
 12305 | Lab      | Killed a gargoyle
 12305 | Lab      | Gained mutation: You are partially covered in molten scales. (AC +2) [demonic ancestry]
 12305 | Lab      | Reached XP level 11. HP: 72/72 MP: 11/11
 12351 | Lab      | Found an exit through the horrors of the Abyss.
 12629 | Lab      | Noticed a minotaur
 12656 | Lab      | Killed a minotaur
 12656 | Lab      | Reached skill level 5 in Armour
 12672 | Lab      | Got a heavily runed jade ring
 12673 | Lab      | Identified the ring "Nufranle" {*Tele rC++ Str-3 Dex+4} (You found it in a labyrinth)
 12677 | Lab      | Got a jewelled spear
 12678 | Lab      | Identified the cursed +3 spear of the Ageless Blessings {vamp, rElec} (You found it in a labyrinth)
 12930 | D:11     | Found a glowing silver altar of Zin.
 12977 | D:11     | Noticed Psyche
 12987 | D:11     | Killed Psyche
 13022 | D:11     | Noticed a red ugly thing
 13029 | D:11     | Killed a red ugly thing
 13041 | D:11     | Noticed Harold
 13046 | D:11     | Killed Harold
 13156 | D:11     | Learned a level 9 spell: Fire Storm
 13186 | D:11     | Reached skill level 1 in Invocations
 13297 | D:11     | Noticed a brown ugly thing
 13310 | D:11     | Killed a brown ugly thing
 13407 | D:11     | Killed an unseen horror
 13407 | D:11     | Reached skill level 10 in Stealth
 13518 | D:11     | Found a staircase to the Lair.
 13676 | D:12     | Noticed Kirke
 13718 | Lair:1   | Entered Level 1 of the Lair of Beasts
 13736 | Lair:1   | Reached skill level 5 in Invocations
 14026 | Lair:1   | Noticed an eight-headed hydra
 14040 | Lair:1   | Killed an eight-headed hydra
 14280 | Lair:1   | Gained mutation: You are mostly covered in molten scales. (AC +3) [demonic ancestry]
 14280 | Lair:1   | Reached XP level 12. HP: 77/77 MP: 16/16
 14527 | Lair:1   | Found a blossoming altar of Fedhas.
 14582 | Lair:1   | Splashed by an oklob plant's acid

Vault maps used:
D:1:      wheals_arrival_shading, minmay_misc_feat_five, minmay_pentomino_z2
D:2:      serial_co_window_serial, co_window_paths_a,
          co_window_of_opportunity_a, co_window_corner_a, co_window_corner_a,
          co_window_paths_a, co_window_of_opportunity_c, co_window_2corner,
          co_window_paths_c, co_window_corner_b, co_window_4corner_b,
          co_window_4corner_a, glass_columns_a, glass_columns_a,
          glass_columns_a, glass_columns_b, uniq_terence
D:3:      minmay_goblin_kobold_castle, portal_sewer_entry_d,
          minmay_ogre_servants
D:4:      enter_ossuary_5, first_bread, serial_shops, nicolae_shop_waterfront,
          shop, nicolae_shop_stone, minmay_rat_hole, uniq_robin
D:5:      serial_co_window_serial, co_window_paths_a, co_window_paths_a,
          co_window_paths_b, co_window_cross_1, co_window_of_opportunity_a,
          co_window_paths_a, co_window_unsneaky_path_d,
          co_window_unsneaky_path_e, co_window_broadway_c, co_window_2corner,
          co_window_corner_cb, glass_columns_b, glass_columns_a,
          glass_columns_a, glass_columns_c, glass_columns_c
D:6:      kennysheep_slugbush, serial_corexii_hall, corexii_hall_statues_i,
          corexii_hall_statues_i, serial_shops, shop
D:8:      lemuel_doored_altar, grunt_temple_overflow_open, basic_altar,
          serial_shops, kennysheep_mini_moat, uniq_maurice
D:9:      serial_glass, glass_columns_c, glass_columns_c
D:10:     serial_shops, shop
D:11:     lair_entry_dummy, basic_altar, lab_entry_generic, uniq_psyche,
          uniq_harold
D:12:     david_orc_2, uniq_nessos, uniq_kirke
Temple:   eino_narrow_crystal_temple
Lair:1:   tgw_fedhas, infiniplex_staircase_pool_2, serial_bayou_shore_b,
          serial_bayou_shore_a, lemuel_fruit_fields
Lab:      nicolae_lab_garden, nicolae_lab_t_cross, nicolae_lab_flowing_pool,
          lab_fountain
Sewer:    sewer_co_cracked_pipes
Ossuary:  ossuary_crypta

Skill      XL: |  1  2  3  4  5  6  7  8  9 10 11 |
---------------+----------------------------------+-----
Short Blades   | 3 4 5 6 7 9 10 11 | 11.7
Stealth        | 1 2 3 4 5 6 8 9 10 | 10.3
Shields        | 3 5 6 |  6.1
Armour         | 1 4 5 |  5.6
Invocations    | 6 |  6.6
Dodging        | 4 |  4.3
Fighting       | |  2.0
Throwing       | |  1.7

Action                   |  1- 3 |  4- 6 |  7- 9 | 10-12 || total
-------------------------+-------+-------+-------+-------++-------
Melee: Rapier            |    79 |   218 |   474 |   522 ||  1293
       Dagger            |       |   185 |   246 |       ||   431
Throw: Throwing net      |       |       |     2 |     4 ||     6
Invok: Stomp             |       |       |       |     1 ||     1
Evoke: Wand              |       |       |       |     3 ||     3
  Use: Scroll            |     7 |     1 |    16 |     8 ||    32
       Potion            |     3 |       |    22 |    11 ||    36
 Stab: Sleeping          |       |       |    13 |    12 ||    25
       Paralysed         |       |       |    10 |    17 ||    27
       Held in net/web   |       |       |     2 |     2 ||     4
  Eat: Chunk             |     1 |     6 |    12 |     8 ||    27
       Pizza             |       |     1 |       |       ||     1
       Beef jerky        |       |     1 |     1 |       ||     2
       Meat ration       |       |       |     2 |     2 ||     4
       Royal jelly       |       |       |       |     1 ||     1
Armor: Leather armour    |    21 |    31 |       |       ||    52
       Scale mail        |       |   213 |   268 |   173 ||   654
       Skin              |       |       |       |     2 ||     2
Dodge: Dodged            |    55 |   313 |   296 |   152 ||   816
Block: Shield            |       |       |       |    63 ||    63
